 Dungeon Crawl Stone Soup version 0.21.1-1-g345015f (webtiles) character file.

6 Shevrar the Grave Robber (level 1, -1/14 HPs)
             Began as a Ghoul Necromancer on May 1, 2018.
             Slain by a jackal (2 damage)
             ... on level 1 of the Dungeon.
             The game lasted 00:02:48 (222 turns).

Shevrar the Grave Robber (Ghoul Necromancer)         Turns: 222, Time: 00:02:48

Health: -1/14      AC:  2    Str: 11    XL:     1   Next: 90%
Magic:  0/2        EV: 12    Int: 10    God:
Gold:   50         SH:  0    Dex:  9    Spells: 1/3 levels left

rFire    . . .     SeeInvis .   (no weapon)
rCold    + . .     Gourm    .   (no shield)
rNeg     + + +     Faith    .   a - +0 robe
rPois    ∞         Spirit   .   (no helmet)
rElec    .         Reflect  .   (no cloak)
rCorr    .         Harm     .   (no gloves)
MR       .....                  (no boots)
Stlth    ++........             (no amulet)
HPRegen  0.00/turn              (no ring)
MPRegen  0.08/turn              (no ring)

@: very slightly contaminated, rotting
A: rotting body, claws 1, carnivore, cold resistance 1, negative energy
resistance 3, inhibited regeneration, torment resistance, unbreathing
a: no special abilities


You were on level 1 of the Dungeon.
You were not hungry.

You visited 1 branch of the dungeon, and saw 1 of its levels.

You collected 50 gold pieces.

Inventory:

Armour
 a - a +0 robe (worn)
 g - a +0 robe
Scrolls
 e - a scroll of teleportation {unknown}
Potions
 d - a potion of lignification {unknown}
Books
 b - a book of Necromancy

   Spells                             Type                      Level
   a - Pain                           Necromancy                   1
   b - Animate Skeleton               Necromancy                   1
   c - Vampiric Draining              Necromancy                   3
   d - Regeneration                   Charms/Necromancy            3
   e - Animate Dead                   Necromancy                   4
   f - Borgnjor's Vile Clutch         Necromancy/Earth             5
Comestibles
 c - a ration
 f - 2 chunks of flesh


   Skills:
 + Level 1.9 Dodging
 + Level 2.3 Stealth
 + Level 1.9 Spellcasting
 + Level 4.1 Necromancy


You had one spell level left.
You knew the following spells:

 Your Spells              Type           Power        Failure   Level  Hunger
a - Pain                  Necr           #...         6%          1    ##.....
b - Animate Skeleton      Necr           N/A          6%          1    ##.....


Dungeon Overview and Level Annotations

Branches:
Dungeon (1/15)

Altars:


Innate Abilities, Weirdness & Mutations

Your body is rotting away.
You thrive on raw meat.
You are immune to poison.
You have sharp fingernails.
You are carnivorous and can eat meat at any time.
Your flesh is cold resistant. (rC+)
You are immune to negative energy. (rN+++)
You do not regenerate when monsters are visible.
You are immune to unholy pain and torment.
You can survive without breathing.


Message History

The jackal bites you.
* * * LOW HITPOINT WARNING * * *
The jackal barely misses you. The jackal barely misses you.
The jackal bites you.
* * * LOW HITPOINT WARNING * * *
The jackal closely misses you. The jackal barely misses you.
The jackal closely misses you. The jackal misses you.
The jackal bites you but does no damage.
The jackal barks!
The rat twitches its whiskers.
The jackal bites you but does no damage.
Casting: Pain
Confirm with . or Enter, or press ? or * to list all spells.
Aiming: Pain
Press: ? - help, Shift-Dir - straight line, f/p - jackal
Aim: a jackal (chance to defeat MR: 76%)
The jackal writhes in agony!
The jackal closely misses you. The jackal bites you.
You die...

......# #h#
......## ##h#
.......## #..#
........###r##
..........#.#
............#
.##.##...).#######
.................##
###.####.......#@h#
#.# ##.....hh#.#
###.### #......r.h#
#...).##.....#...##
#.....##.....#####
#.....##.....#
#.....##.....#
#.....##.....#
#.....########


You could see 4 jackals and a rat.

Vanquished Creatures
  A goblin (D:1)
  A kobold (D:1)
  2 bats (D:1)
4 creatures vanquished.

Vanquished Creatures (collateral kills)
  A giant cockroach (D:1)
  A bat (D:1)
2 creatures vanquished.

Grand Total: 6 creatures vanquished

Notes
Turn   | Place    | Note
-------+----------+-------------------------------------------
     0 | D:1      | Shevrar the Ghoul Necromancer began the quest for the Orb.
     0 | D:1      | Reached XP level 1. HP: 14/14 MP: 2/2
     2 | D:1      | Learned a level 1 spell: Animate Skeleton
   222 | D:1      | Slain by a jackal

Action                   || total
-------------------------++-------
Melee: Unarmed           ||    13
 Cast: Pain              ||     5
       Animate Skeleton  ||     2
 Stab: Sleeping          ||     1
  Eat: Chunk             ||     1
Armor: Robe              ||     7
Dodge: Dodged            ||    23
